 Dungeon Crawl Stone Soup version 0.29-a0-234-g0dae59b3db (webtiles) character file.

Game seed: 1757936926111684161

213 sammy202020 the Skirmisher (level 5, 0/42 HPs)
             Began as a Demonspawn Berserker on Mar 3, 2022.
             Was a Believer of Trog.
             Slain by a gnoll
             ... wielding a +3 halberd of distortion
              (4 damage)
             ... on level 3 of the Dungeon.
             The game lasted 00:07:57 (2243 turns).

sammy202020 the Skirmisher (Demonspawn Berserker)   Turns: 2243, Time: 00:07:58

Health: 0/42       AC: 13    Str: 20    XL:     5   Next: 59%
Magic:  5/5        EV:  6    Int:  8    God:    Trog [**....]
Gold:   127        SH:  3    Dex: 12    Spells: 4/4 levels left

rFire   . . .      SeeInvis .   p - +0 flail
rCold   . . .      Faith    .   o - +0 buckler
rNeg    . . .      Spirit   .   v - +0 plate armour
rPois   .          Reflect  .   (no helmet)
rElec   .          Harm     .   s - +0 cloak
rCorr   .          Rampage  .   k - +0 pair of gloves
Will    ++...                   (no boots)
Stlth   ..........              a - amulet of regeneration
HPRegen 1.94/turn               (no ring)
MPRegen 0.09/turn               (no ring)

@: strong-willed, regenerating
A: hooves 1, ignite blood 1, powered by death 1
a: Renounce Religion, Berserk, Trog's Hand


You were on level 3 of the Dungeon.
You worshipped Trog.
Trog was pleased with you.
You visited 1 branch of the dungeon, and saw 3 of its levels.

You collected 127 gold pieces.

Inventory:

Hand Weapons
 p - a +0 flail (weapon)
Missiles
 h - 3 silver javelins
 q - 12 poisoned darts (quivered)
Armour
 k - a +0 pair of gloves (worn)
 o - a +0 buckler (worn)
 s - a +0 cloak (worn)
 v - a +0 plate armour (worn)
Jewellery
 a - an amulet of regeneration (around neck)
Wands
 l - a wand of flame (16)
Scrolls
 b - a scroll of vulnerability {unknown}
 f - a scroll of fear {unknown}
 i - a scroll of fog {unknown}
 m - a scroll of amnesia {unknown}
 n - a scroll of identify {unknown}
 t - a scroll of enchant armour {unknown}
Potions
 c - a potion of curing {unknown}
 d - 3 potions of lignification {unknown}
 g - a potion of haste {unknown}
 j - 3 potions of cancellation {unknown}
 r - 2 potions of attraction {unknown}
 u - a potion of heal wounds {unknown}


   Skills:
 * Level 4.0 Fighting
 * Level 3.6 Maces & Flails
 * Level 2.9 Armour
 * Level 2.9 Dodging
 + Level 1.1 Shields


You had 4 spell levels left.
You didn't know any spells.
Your spell library was empty.

Dungeon Overview and Level Annotations

Branches:
Dungeon (3/15)

Altars:

Annotations:
D:3 Jessica


Innate Abilities, Weirdness & Mutations

You have large cloven feet.
Your demonic aura sometimes causes spilled blood to erupt in flames.
You regenerate a little health from kills.


Message History

The endoplasm hits you but does no damage.
You hit the endoplasm.
You kick the endoplasm, but do no damage.
The endoplasm is severely wounded.
The endoplasm freezes you.
You are frozen.
You sock the endoplasm!
You kill the endoplasm!
Trog accepts your kill.
You hit the gnoll.
The gnoll is moderately wounded.
The gnoll hits you but does no damage. The gnoll barely misses you.
The gnoll hits you with a +0 flail!
You thump the gnoll!
You kill the gnoll!
Trog accepts your kill. The gnoll hits you but does no damage.
The gnoll hits you but does no damage.
You see here a +0 flail.
You hit the gnoll shaman. Your kick misses the gnoll shaman.
The gnoll shaman is moderately wounded.
The gnoll shaman calls upon its god to speed up the gnoll.
The gnoll seems to speed up.
You block the gnoll's attack. The gnoll barely misses you.
You hit the gnoll shaman. You kick the gnoll shaman.
The gnoll shaman is heavily wounded.
The gnoll shaman hits you with a +0 club.
The gnoll hits you but does no damage.
The gnoll hits you from afar with a +3 halberd of distortion!
Space warps horribly around you!!
* * * LOW HITPOINT WARNING * * *
The gnoll hits you but does no damage.
The gnoll shaman hits you with a +0 club.
* * * LOW HITPOINT WARNING * * *
Your skin crawls.
You feel strong-willed.
The gnoll hits you from afar with a +0 spear.
* * * LOW HITPOINT WARNING * * *
The gnoll hits you but does no damage. Space warps around you.
You die...

#... ## #...
##.$..... ...#...
#........ .....
#........ ...
#....g... #.##
#....g... #..#
#g....... ##.#
#####g.......
#@###............
###g#(...g.........
###..gg..g###....@...
##...#...###
#........ .
#######..###..##
##....... ..
#.......##>...#
#.<...# ...
..######...##..
###### ...###
###.#####..
#(...####...# ###


You could see a gnoll shaman and 2 gnolls.

Vanquished Creatures
  An orc priest (D:3)
  Crazy Yiuf (D:2)
  Natasha (D:2)
  Terence (D:3)
  An orc wizard (D:3)
  4 gnolls
  2 adders
  2 orcs (D:3)
  A ball python (D:1)
  3 bats
  3 endoplasms
  2 giant cockroaches (D:2)
  5 goblins
  4 hobgoblins
  7 jackals (D:2)
  A frilled lizard (D:1)
  A kobold (D:2)
  2 rats
42 creatures vanquished.

Notes
Turn   | Place    | Note
-------+----------+-------------------------------------------
     0 | D:1      | sammy202020 the Demonspawn Berserker began the quest for
                  | the Orb.
     0 | D:1      | Reached XP level 1. HP: 18/18 MP: 1/1
   422 | D:1      | Gained mutation: You have large cloven feet. [demonic
                  | ancestry]
   422 | D:1      | Reached XP level 2. HP: 23/24 MP: 2/2
   522 | D:1      | Found a faded altar of an unknown god.
  1188 | D:2      | Gained mutation: You regenerate a little health from kills.
                  | [demonic ancestry]
  1188 | D:2      | Reached XP level 3. HP: 23/29 MP: 3/3
  1383 | D:2      | Found a runed translucent door.
  1384 | D:2      | Noticed Crazy Yiuf
  1661 | D:2      | Noticed Natasha
  1668 | D:2      | Killed Natasha
  1669 | D:2      | Reached XP level 4. HP: 36/36 MP: 4/4
  1995 | D:2      | Killed Crazy Yiuf
  2051 | D:3      | Reached ** piety under Trog
  2075 | D:3      | Gained mutation: Your demonic aura sometimes causes spilled
                  | blood to erupt in flames. [demonic ancestry]
  2075 | D:3      | Reached XP level 5. HP: 32/42 MP: 5/5
  2145 | D:3      | Noticed Terence
  2149 | D:3      | Reached skill level 1 in Shields
  2158 | D:3      | Killed Terence
  2159 | D:3      | Reached skill level 4 in Fighting
  2224 | D:3      | Noticed Jessica
  2243 | D:3      | Slain by a gnoll

Illustrated notes

Levels and vault maps discovered:
D:1:      minmay_arrival_split_and_join, layout_loops_ring,
          shapermc_ecumenical_altar_mp_vishouse
D:2:      layout_basic, uniq_natasha, uniq_crazy_yiuf_cottage
D:3:      layout_rooms, grunt_decor_clamped, uniq_jessica, uniq_terence

Skill      XL: |  1  2  3  4  5 |
---------------+----------------+-----
Armour         | 2 |  2.9
Dodging        | 2 |  2.9
Maces & Flails | 3 |  3.6
Shields        | 1 |  1.1
Fighting       | 4 |  4.0

Action                   |  1- 3 |  4- 6 || total
-------------------------+-------+-------++-------
Melee: Mace              |    31 |       ||    31
       Kick              |     5 |    13 ||    18
       Flail             |    24 |    52 ||    76
Throw: Dart              |     1 |       ||     1
Invok: Berserk           |     1 |     2 ||     3
       Trog's Hand       |       |     1 ||     1
 Stab: Sleeping          |     1 |       ||     1
Armor: Chain mail        |    28 |    29 ||    57
       Animal skin       |     3 |       ||     3
       Plate armour      |       |     7 ||     7
Dodge: Dodged            |    13 |    12 ||    25
Block: Buckler           |     4 |     6 ||    10

Table legend: (Time is in decaauts)
 A = Elapsed time spent in this place.
 B = Non-inter-level travel time spent in this place.
 C = Inter-level travel time spent in this place.
 D = Time resting spent in this place.
 E = Time spent auto-exploring this place.
 F = Levels seen in this place.
 G = Mean time per level.
                   A        B        C        D        E       F      G
               +--------+--------+--------+--------+--------+-----+--------+
         Total |   2298 |   2238 |     60 |      0 |   1699 |   3 |  766.0 |
       Dungeon |   2298 |   2238 |     60 |      0 |   1699 |   3 |  766.0 |
               +--------+--------+--------+--------+--------+-----+--------+

Top non-repeatable levels by time:
     D:2: 1124 daAuts
     D:1: 944 daAuts
     D:3: 229 daAuts
